 Dungeon Crawl Stone Soup version 0.28.0-53-g5a82cb258f (webtiles) character file.

Game seed: 18227410374972391325

86 lunaticedit the Chopper (level 4, 0/61 HPs)
             Began as a Hill Orc Berserker on July 30, 2022.
             Was a Follower of Trog.
             Succumbed to Ijyb's poison
             ... on level 2 of the Dungeon.
             The game lasted 00:02:55 (2050 turns).

lunaticedit the Chopper (Hill Orc Berserker)        Turns: 2050, Time: 00:02:56

Health: 0/61       AC:  8    Str: 21    XL:     4   Next: 50%
Magic:  4/4        EV:  8    Int:  7    God:    Trog [*.....]
Gold:   76         SH:  0    Dex: 10    Spells: 3/3 levels left

rFire   . . .      SeeInvis .   d - +1 war axe (vorpal)
rCold   . . .      Faith    .   (no shield)
rNeg    . . .      Spirit   .   e - +0 chain mail
rPois   .          Reflect  .   (no helmet)
rElec   .          Harm     .   (no cloak)
rCorr   .          Rampage  .   (no gloves)
Will    .....                   (no boots)
Stlth   ..........              (no amulet)
HPRegen 0.20/turn               (no ring)
MPRegen 0.09/turn               (no ring)

@: berserking, lethally poisoned (0 -> -1), very quick
A: no striking features
a: Renounce Religion, Berserk


You were on level 2 of the Dungeon.
You worshipped Trog.
Trog was aware of your devotion.
You visited 1 branch of the dungeon, and saw 3 of its levels.

You collected 76 gold pieces.

Inventory:

Hand Weapons
 d - a +1 vorpal war axe (weapon)
Armour
 e - a +0 chain mail (worn)
Scrolls
 c - 2 scrolls of identify
Potions
 b - a potion of berserk rage


   Skills:
 + Level 4.5 Fighting
 + Level 5.6 Axes
 + Level 2.6 Armour
 + Level 1.8 Dodging
 + Level 0.1 Stealth


You had 3 spell levels left.
You didn't know any spells.
Your spell library was empty.

Dungeon Overview and Level Annotations

Branches:
Dungeon (3/15)

Altars:
Okawaru


Message History

Ijyb hits you but does no damage.
You are more poisoned.
Ijyb barely misses you.
You slash Ijyb!
You kill Ijyb!
Trog accepts your kill.
You barely miss the worm.
You feel very sick. The worm closely misses you.
You are too injured to fight recklessly!
You are too injured to fight recklessly!
You are too injured to fight recklessly!
You are too injured to fight recklessly!
You hit the worm.
The worm is heavily wounded.
You feel very sick. The worm bites you.
* * * LOW HITPOINT WARNING * * *
You hit the worm. You punch the worm.
The worm is severely wounded.
* * * LOW HITPOINT WARNING * * *
You feel sick.
You barely miss the worm.
The worm is severely wounded.
* * * LOW HITPOINT WARNING * * *
You feel sick. The worm closely misses you.
You barely miss the worm.
The worm is severely wounded.
* * * LOW HITPOINT WARNING * * *
You feel sick. The worm bites you.
* * * LOW HITPOINT WARNING * * *
* * * LOW HITPOINT WARNING * * *
You feel sick.
You climb upwards.
* * * LOW HITPOINT WARNING * * *
You feel sick.
There is a stone staircase leading down here.
A red film seems to cover your vision as you go berserk!
You feel yourself moving faster!
You feel mighty!
You die...

#.#.>.......##
######.#######...#
#.................
#.##########.#...#
######.##### ##.#.##.##
#..........# #.........
#.####.###.# ##.#.##.##
#.####.###.## #.#.##.##
#....w@##.[.###.#......
#.######...............
#.# ##...###.####.##
#.# ##.## #.# #.# #.#
######.####.# #.#
#........# #.#
#.#..##### #.# #.##.#
#<# #.##.#


You could see a worm.

Vanquished Creatures
  Ijyb (D:3)
  A gnoll (D:1)
  An adder (D:2)
  2 worms (D:2)
  2 dart slugs
  2 ball pythons
  3 endoplasms (D:2)
  A giant cockroach (D:1)
  3 goblins
  A hobgoblin (D:1)
  5 quokkas
  5 bats
  A frilled lizard (D:2)
  A kobold (D:2)
  5 rats
34 creatures vanquished.

Notes
Turn   | Place    | Note
-------+----------+-------------------------------------------
     0 | D:1      | lunaticedit the Hill Orc Berserker began the quest for the
                  | Orb.
     0 | D:1      | Reached XP level 1. HP: 19/19 MP: 1/1
    87 | D:1      | Reached XP level 2. HP: 21/27 MP: 2/2
   600 | D:1      | Reached XP level 3. HP: 25/33 MP: 3/3
   692 | D:1      | Found a faded altar of an unknown god.
  1460 | D:2      | Reached skill level 5 in Axes
  1758 | D:2      | Reached XP level 4. HP: 35/41 MP: 4/4
  2037 | D:3      | Noticed Ijyb
  2037 | D:3      | Found an iron altar of Okawaru.
  2043 | D:3      | Killed Ijyb
  2047 | D:3      | HP: 2/41 [worm (2)]
  2050 | D:2      | Succumbed to Ijyb's poison

Illustrated notes

Levels and vault maps discovered:
D:1:      scummos_arrival_gate, layout_basic,
          dreamdust_ecumenical_altar_statues, minmay_cut_off
D:2:      layout_loops_ring, minmay_misc_feat_secret_circle
D:3:      minmay_goblin_kobold_castle, layout_basic, okawaru_ov_weapons_minmay,
          serial_shops, nicolae_shop_advertising_works
          [nicolae_subvault_shop_adworks], uniq_ijyb

Skill      XL: |  1  2  3 |
---------------+----------+-----
Fighting       | 4 |  4.5
Axes           | 5 |  5.6
Armour         | |  2.6
Dodging        | |  1.8
Stealth        | |  0.1

Action                   |  1- 3 |  4- 6 || total
-------------------------+-------+-------++-------
Melee: Hand axe          |   107 |       ||   107
       War axe           |     4 |    12 ||    16
       Punch             |     2 |     1 ||     3
Invok: Berserk           |       |     1 ||     1
  Use: Scroll            |     2 |       ||     2
Armor: Ring mail         |    39 |       ||    39
       Animal skin       |     2 |       ||     2
       Chain mail        |    10 |     5 ||    15
Dodge: Dodged            |    76 |     4 ||    80
